 Dungeon Crawl Stone Soup version 0.31.0-12-g77e489cdc1 (webtiles) character file.

Game seed: 14762724071044832547

9004 fugi1604 the Fighter (level 11, 0/120 HPs)
             Began as an Oni Berserker on Feb 15, 2024.
             Was an Elder of Trog.
             Slain by an ice beast (1 damage)
             ... summoned by an ice statue
             ... in an ice cave.
             The game lasted 01:06:31 (11448 turns).

fugi1604 the Fighter (Oni Berserker)               Turns: 11448, Time: 01:06:31

Health: 0/120      AC:  5    Str: 27    XL:     11   Next: 39%
Magic:  11/11      EV: 13    Int:  8    God:    Trog [****..]
Gold:   332        SH:  0    Dex: 13    Spells: 10/10 levels left

rFire   + . .        E - +0 hammer of the Stopping Queen {speed, Dex+5}
rCold   + + .        K - orb {guile}
rNeg    . . .        f - +1 robe {rC+ rF+}
rPois   .            (helmet restricted)
rElec   .            D - +0 cloak
rCorr   .            (gloves unavailable)
SInv    .            (boots unavailable)
Will    +....        F - amulet of regeneration
Stlth   +            q - ring of flight
HPRegen 2.20/turn    z - ring of protection from cold
MPRegen 0.12/turn

%: no passive effects
@: strong-willed, on berserk cooldown, flying, regenerating, slowed, very slow
A: large, unfitting armour, horns 1, tough skin 1, double potion healing,
drunken brawling
a: Renounce Religion, Berserk, Trog's Hand, Brothers in Arms


You were in an ice cave.
You worshipped Trog.
Trog was greatly pleased with you.
You visited 3 branches of the dungeon, and saw 13 of its levels.
You also visited: Ice Cave.

You collected 632 gold pieces.
You spent 300 gold pieces at shops.

Inventory:

Hand Weapons
 c - a +3 quarterstaff of chaos
 E - the +0 hammer of the Stopping Queen (weapon) {speed, Dex+5}
   (You found it on level 5 of the Dungeon)

   Dex+5:     It affects your dexterity (+5).
Armour
 f - a +1 robe of resistance (worn)
 D - a +0 cloak (worn)
 K - an orb of guile (worn)
Jewellery
 q - a ring of flight (left hand)
 z - a ring of protection from cold (right hand)
 A - a ring of poison resistance
 F - an amulet of regeneration (around neck)
 J - a ring of positive energy
Talismans
 b - a blade talisman
 r - a talisman of death
 x - a maw talisman
Wands
 w - a wand of polymorph (6)
 C - a wand of charming (1)
 I - a wand of quicksilver (7)
 M - a wand of iceblast (7)
Scrolls
 a - a scroll of acquirement {unknown}
 d - 3 scrolls of brand weapon {unknown}
 e - 7 scrolls of identify
 i - 4 scrolls of poison {unknown}
 m - a scroll of enchant weapon {unknown}
 n - a scroll of noise {unknown}
 o - 2 scrolls of blinking {unknown}
 s - a scroll of revelation {unknown}
 v - 2 scrolls of amnesia {unknown}
 y - 2 scrolls of teleportation
 H - a scroll of immolation {unknown}
 L - a scroll of fear {unknown}
Potions
 g - 4 potions of degeneration
 h - 2 potions of resistance {unknown}
 j - 2 potions of enlightenment
 k - 2 potions of might {unknown}
 l - 3 potions of brilliance
 p - a potion of haste (quivered) {unknown}
 t - 2 potions of mutation {unknown}
 u - 2 potions of berserk rage {unknown}
 B - a potion of magic {unknown}
 G - a potion of cancellation {unknown}


   Skills:
 + Level 11.1 Fighting
 * Level 9.2 Maces & Flails
 + Level 7.8 Dodging
 - Level 6.1 Unarmed Combat
 + Level 6.9 Shapeshifting


You had 10 spell levels left.
You didn't know any spells.
Your spell library was empty.

Dungeon Overview and Level Annotations

Branches:
Dungeon (11/15)            Temple (1/1) D:4             Orc (1/2) D:9
  IceCv (1/1)
   Lair: D:8-11

Altars:
Ashenzari
Cheibriados
Dithmenos
Elyvilon
Fedhas
Gozag
Hepliaklqana
Kikubaaqudgha
Makhleb
Nemelex Xobeh
Okawaru
Qazlal
Ru
Sif Muna
Trog
Uskayaw
Vehumet
Wu Jian
Xom
Yredelemnul
Zin
The Shining One

Shops:
D:3 =

Annotations:
IceCv exclusion: 2 ice statues


Innate Abilities, Weirdness & Mutations

You are too large for most types of armour.
You have a pair of small horns on your head.
You have tough skin. (AC +1)
You gain doubled healing and magic from potions.
Whenever you drink a healing potion, you attack all around you.


Message History

The ice beast freezes you. You resist.
* * * LOW HITPOINT WARNING * * *
The ice beast hits you but does no damage. x2
As you read the scroll of teleportation, it crumbles to dust.
You feel strangely unstable. The ice beast misses you.
The ice beast closely misses you. The ice beast hits you.
* * * LOW HITPOINT WARNING * * *
The ice beast freezes you. You resist.
* * * LOW HITPOINT WARNING * * *
The ice beast hits you.
* * * LOW HITPOINT WARNING * * *
The ice beast freezes you. You resist.
* * * LOW HITPOINT WARNING * * *
The ice beast hits you but does no damage.
The ice beast barely misses you.
The ice beast hits you but does no damage.
You hit the ice beast.
The ice beast is lightly wounded.
Your surroundings seem slightly different.
The ice statue glitters chillingly in the dim dungeon light.
You sock the ice statue!
The ice statue is lightly damaged.
The ice beast hits you but does no damage.
The ice statue gestures at you.
You hit the ice statue but do no damage.
You headbutt the ice statue.
The ice statue is lightly damaged.
You are engulfed in freezing vapours.
You resist.
* * * LOW HITPOINT WARNING * * *
The ice beast completely misses you.
The ice beast hits you but does no damage.
Your skin crawls.
You feel strong-willed.
You are engulfed in freezing vapours.
You resist.
* * * LOW HITPOINT WARNING * * *
The ice statue gestures at you. The bolt of cold hits you! You resist.
* * * LOW HITPOINT WARNING * * *
The ice beast hits you.
You die...

##### ####
####...### ##.∩#
##........####8..#
#..........##8.Y@#
...........#8..Y8#
......8..[.#..○°○#
..........8#...○☼#
∩......[.©Y#©..○○#
........(.8#...))#
......8....#.....#
...........#8...8#
#..........##8...#


You could see 2 ice statues and 3 ice beasts.

Vanquished Creatures
  2 two-headed ogres
  Pikel (D:6)
  An ugly thing (IceCv)
  Jeremiah (D:9)
  2 rime drakes (Orc:1)
  A freezing wraith (IceCv)
  2 hornets (D:8)
  A wraith (D:9)
  A wyvern (D:9)
  9 yaks
  5 water moccasins
  A sky beast (D:6)
  4 orc warriors
  3 black bears
  4 ice beasts
  3 kobold brigands
  2 bullfrogs
  2 scorpions
  11 wights
  6 killer bees (D:10)
  A howler monkey (D:4)
  2 bombardier beetles (D:4)
  7 orc priests
  5 hounds
  Crazy Yiuf (D:5)
  A sleepcap (D:6)
  2 iguanas (D:6)
  6 orc wizards
  3 wolf simulacra (IceCv)
  8 ogre zombies (D:9)
  8 adders
  A shadow imp (D:5)
  2 white imps
  5 ribbon worms
  3 dart slugs
  18 orcs
  8 ball pythons
  5 bats
  8 endoplasms
  3 giant cockroaches
  6 goblins
  13 hobgoblins
  3 frilled lizards
  5 gnoll skeletons (D:9)
  25 kobolds
  3 orc skeletons (D:9)
  17 orc zombies (D:9)
  4 rats
235 creatures vanquished.

Vanquished Creatures (others)
  An orc wizard (D:7)
1 creature vanquished.

Grand Total: 236 creatures vanquished

Notes
Turn   | Place    | Note
-------+----------+-------------------------------------------
     0 | D:1      | fugi1604 the Oni Berserker began the quest for the Orb.
     0 | D:1      | Reached XP level 1. HP: 24/24 MP: 1/1
    35 | D:1      | Reached XP level 2. HP: 26/32 MP: 2/2
   618 | D:2      | Reached XP level 3. HP: 40/40 MP: 3/3
  1107 | D:2      | Found a faded altar of an unknown god.
  1450 | D:2      | Reached ** piety under Trog
  1461 | D:2      | Reached XP level 4. HP: 49/49 MP: 4/4
  2214 | D:3      | Noticed an ice beast
  2234 | D:3      | Killed an ice beast
  2235 | D:3      | Reached XP level 5. HP: 24/55 MP: 5/5
  2684 | D:3      | Reached skill level 5 in Unarmed Combat
  2899 | D:3      | Found Zeimoloe's Jewellery Emporium.
  3212 | D:3      | Reached XP level 6. HP: 60/65 MP: 6/6
  3459 | D:4      | Reached skill level 5 in Fighting
  3528 | D:4      | Noticed a black bear
  3538 | D:4      | Killed a black bear
  3539 | D:4      | Reached skill level 1 in Shapeshifting
  3767 | D:4      | Reached XP level 7. HP: 68/72 MP: 7/7
  3981 | D:4      | Reached *** piety under Trog
  4137 | D:4      | Found a staircase to the Ecumenical Temple.
  4147 | Temple   | Entered the Ecumenical Temple
  4303 | D:5      | Entered Level 5 of the Dungeon
  4396 | D:5      | Reached skill level 6 in Fighting
  4768 | D:5      | Found a broken altar of Ashenzari.
  4798 | D:5      | Reached XP level 8. HP: 51/83 MP: 8/8
  4843 | D:5      | Reached skill level 7 in Fighting
  5426 | D:5      | Found a runed translucent door.
  5427 | D:5      | Noticed Crazy Yiuf
  5435 | D:5      | Killed Crazy Yiuf
  5436 | D:5      | Reached skill level 5 in Dodging
  5441 | D:5      | Identified the +0 hammer of the Stopping Queen {speed,
                  | Dex+5}
  5563 | D:5      | Found a sparkling altar of Nemelex Xobeh.
  5703 | D:6      | Reached skill level 1 in Maces & Flails
  6038 | D:6      | Noticed Pikel
  6048 | D:6      | Killed Pikel
  6049 | D:6      | Reached skill level 8 in Fighting
  6049 | D:6      | Reached XP level 9. HP: 96/96 MP: 9/9
  6951 | D:3      | Bought an amulet of regeneration for 300 gold pieces
  7215 | D:7      | Reached skill level 5 in Maces & Flails
  7798 | D:7      | Reached skill level 5 in Shapeshifting
  7875 | D:7      | Reached skill level 9 in Fighting
  8182 | D:7      | Reached XP level 10. HP: 91/100 MP: 10/10
  8577 | D:7      | Identified the +0 leather armour "Muffae" {rPois}
  8998 | D:8      | Reached **** piety under Trog
  9178 | D:8      | Found a blossoming altar of Fedhas.
  9181 | D:8      | Found an iron altar of Okawaru.
  9384 | D:8      | Found an ornate altar of the Wu Jian Council.
  9387 | D:8      | Found a glowing silver altar of Zin.
  9591 | D:8      | Found a sacrificial altar of Ru.
  9877 | D:9      | Found a staircase to the Orcish Mines.
  9895 | D:9      | Reached skill level 10 in Fighting
 10123 | D:9      | You are sucked into a shaft and drop 2 floors!
 10134 | D:10     | Entered Level 10 of the Dungeon
 10246 | D:10     | Noticed a two-headed ogre
 10257 | D:10     | Killed a two-headed ogre
 10276 | D:10     | Reached ***** piety under Trog
 10341 | D:9      | Reached XP level 11. HP: 119/119 MP: 11/11
 10831 | D:9      | Noticed Jeremiah
 10845 | D:9      | Killed Jeremiah
 10936 | D:9      | Noticed a two-headed ogre
 10952 | D:9      | Killed a two-headed ogre
 11063 | Orc:1    | Entered Level 1 of the Orcish Mines
 11269 | Orc:1    | Found a frozen archway.
 11330 | IceCv    | Entered an ice cave
 11333 | IceCv    | Found a transporter.
 11342 | IceCv    | Reached skill level 11 in Fighting
 11385 | IceCv    | Noticed a white ugly thing
 11391 | IceCv    | Found a transporter.
 11419 | IceCv    | Killed a white ugly thing
 11448 | IceCv    | HP: 1/120 [ice statue/bolt of cold (11)]
 11448 | IceCv    | Slain by an ice beast

Illustrated notes

Levels and vault maps discovered:
D:1:      dpeg_arrival_round_c, layout_basic
D:2:      layout_rooms, hellmonk_ecumenical_altar_inner_sanctum,
          nicolae_hexahallways, minmay_joined_circles
D:3:      layout_basic, serial_shops, shop
D:4:      layout_loops_ring, temple_hall, minmay_ruptured
D:5:      layout_rooms, nemelex_altar_shiori, cheibrodos_ashenzari_chains,
          nicolae_zig_zag_zippers, uniq_crazy_yiuf_cottage
D:6:      layout_gridville, dk_noncrumbling_3, st_stairs_1,
          minmay_misc_feat_hallway, uniq_pikel
D:7:      layout_layer_cave
D:8:      layout_loops_ring, nicolae_ru_the_path_less_chosen,
          grunt_temple_overflow_cloverleaf
D:9:      layout_basic, zombieorc2_lemuel, uniq_jeremiah
D:10:     layout_loops_ring, lair_entry_dummy, dreamdust_princess_bridge
D:11:     minmay_separated_statues, layout_long_grid,
          nicolae_trove_entry_crossroad
Temple:   regret_index_temple_generic_petals
Orc:1:    layout_caves, portal_ice_cave_rime
IceCv:    ice_cave_statue_garden_transporter

Skill      XL: |  1  2  3  4  5  6  7  8  9 10 11 |
---------------+----------------------------------+-----
Unarmed Combat | 3 4 5 6 |  6.1
Dodging        | 3 4 5 6 7 |  7.8
Fighting       | 5 6 8 9 10 11 | 11.1
Shapeshifting  | 1 2 4 5 6 |  6.9
Maces & Flails | 3 5 8 9 |  9.2

Action                     |  1- 3 |  4- 6 |  7- 9 | 10-12 || total
---------------------------+-------+-------+-------+-------++-------
  Melee: Unarmed           |    85 |   137 |   249 |       ||   471
         Headbutt          |     9 |    18 |    62 |    83 ||   172
         Punch             |     1 |     4 |    13 |    13 ||    31
         Mace              |       |       |    75 |   373 ||   448
 Invoke: Berserk           |     1 |     1 |     5 |     9 ||    16
         Trog's Hand       |       |       |     2 |     4 ||     6
    Use: Scroll            |       |     3 |     4 |     1 ||     8
         Potion            |       |       |     3 |     4 ||     7
   Stab: Sleeping          |       |       |     1 |       ||     1
 Armour: Animal skin       |     4 |       |       |       ||     4
         Robe              |    39 |    87 |   218 |   240 ||   584
  Dodge: Dodged            |    42 |    51 |   155 |   205 ||   453
         Form:             |       |     1 |     1 |       ||     2
         Death             |       |     1 |     1 |       ||     2
